 Dungeon Crawl Stone Soup version 0.26-a0-854-gdc81c2f471 (webtiles) character file.

Game seed: 3902001381387284086

4911 Gargoyl the Fighter (level 10, -1/82 HPs)
             Began as a Gnoll Abyssal Knight on Nov 24, 2020.
             Was a High Priest of Lugonu.
             Slain by a cane toad (4 damage)
             ... on level 1 of the Lair of Beasts.
             The game lasted 00:11:33 (9575 turns).

Gargoyl the Fighter (Gnoll Abyssal Knight)          Turns: 9575, Time: 00:11:33

Health: -1/82      AC: 25    Str: 18    XL:     10   Next: 51%
Magic:  17/18      EV:  8    Int: 14    God:    Lugonu [*****.]
Gold:   590        SH:  5    Dex: 17    Spells: 19/19 levels left

rFire    . . .     SeeInvis .   q - +6 quarterstaff (chaos)
rCold    . . .     Faith    .   (shield currently unavailable)
rNeg     + . .     Spirit   .   b - +0 plate armour
rPois    +         Reflect  +   j - +2 helmet
rElec    .         Harm     .   r - +2 cloak
rCorr    .         Rampage  .   i - +2 pair of gloves
MR       .....                  (no boots)
Stlth    ..........             k - amulet of reflection
HPRegen  0.23/turn              C - ring of positive energy
MPRegen  0.16/turn              u - ring of poison resistance

@: no status effects
A: distributed training, fangs 1, icy blue scales 1, thin skeletal structure 1,
strong nose
a: Depart the Abyss, Bend Space, Banish, Corrupt, Enter the Abyss, Renounce
Religion


You were on level 1 of the Lair of Beasts.
You worshipped Lugonu.
Lugonu was extremely pleased with you.
You visited 2 branches of the dungeon, and saw 9 of its levels.
You visited the Abyss 1 time.
You also visited: Ossuary.

You collected 590 gold pieces.

Inventory:

Hand Weapons
 a - a +1 hand axe
 q - a +6 quarterstaff of chaos (weapon)
Missiles
 d - 59 poisoned darts (quivered)
Armour
 b - a +0 plate armour (worn)
 i - a +2 pair of gloves (worn)
 j - a +2 helmet (worn)
 r - a +2 cloak (worn)
Jewellery
 k - an amulet of reflection (around neck)
 u - a ring of poison resistance (right hand)
 C - a ring of positive energy (left hand)
Wands
 y - a wand of polymorph (12)
 A - a wand of digging (4)
 D - a wand of iceblast (8)
Scrolls
 f - a scroll of enchant armour
 g - 2 scrolls of blinking
 h - a scroll of identify
 o - 3 scrolls of teleportation
 s - 5 scrolls of remove curse
 w - 5 scrolls of magic mapping
 B - 2 scrolls of fog
Potions
 c - 3 potions of curing
 e - 3 potions of might
 l - a potion of invisibility {unknown}
 m - 2 potions of ambrosia
 n - 7 potions of degeneration
 p - 3 potions of brilliance
 t - 2 potions of haste
 v - 3 potions of lignification {unknown}
 x - a potion of resistance {unknown}
 z - a potion of mutation
 E - a potion of attraction {unknown}


   Skills:
 + Level 8.5 Fighting
 + Level 5.3 Short Blades
 + Level 5.3 Long Blades
 + Level 7.1 Axes
 + Level 5.3 Maces & Flails
 + Level 5.3 Polearms
 + Level 5.3 Staves
 + Level 5.3 Slings
 + Level 5.3 Bows
 + Level 5.3 Crossbows
 + Level 5.3 Throwing
 + Level 7.1 Armour
 + Level 6.0 Dodging
 + Level 5.3 Stealth
 + Level 5.3 Shields
 + Level 5.3 Unarmed Combat
 + Level 5.3 Spellcasting
 + Level 4.4 Conjurations
 + Level 4.4 Hexes
 + Level 4.4 Summonings
 + Level 4.4 Necromancy
 + Level 4.4 Translocations
 + Level 4.4 Transmutations
 + Level 4.4 Fire Magic
 + Level 4.4 Ice Magic
 + Level 4.4 Air Magic
 + Level 4.4 Earth Magic
 + Level 4.4 Poison Magic
 + Level 7.5 Invocations
 + Level 5.3 Evocations


You had 19 spell levels left.
You didn't know any spells.
Your spell library contained the following spells:

 Spells                   Type           Power        Failure   Level
 Animate Skeleton         Necr           ###...       61%         1
 Pain                     Necr           ###.         61%         1
 Vampiric Draining        Necr           ###.......   93%         3
 Animate Dead             Necr           ###.......   100%        4
 Agony                    Necr           ###.....     100%        5


Dungeon Overview and Level Annotations

Branches:
Dungeon (8/15)             Temple (0/1) D:6            Lair (1/6) D:8
Ossuary (visited)

Altars:
Ashenzari
Cheibriados
Kikubaaqudgha
Ru
Yredelemnul


Innate Abilities, Weirdness & Mutations

Your experience applies equally to all skills.
You have very sharp teeth.
Your uncanny sense of smell can sniff out nearby items.
You are partially covered in icy blue scales. (AC +2)
You have a somewhat thin skeletal structure. (Dex +2, Stealth)


Message History

Lugonu accepts your kill.
You hit the cane toad.
The cane toad is lightly wounded.
You block the cane toad's attack.
You sock the cane toad!
The cane toad is heavily wounded.
The cane toad stings you!
* * * LOW HITPOINT WARNING * * *
The cane toad stings you.
* * * LOW HITPOINT WARNING * * *
You sock the cane toad!
The cane toad is moving more slowly.
You bite the cane toad, but do no damage.
The cane toad is severely wounded.
The cane toad stings you!
* * * LOW HITPOINT WARNING * * *
You catch the helpless cane toad completely off-guard!
You hit the cane toad. You burn the cane toad.
The cane toad is almost dead.
The cane toad stings you.
You die...

##### ##.#P#########.
#......@F!.....
#.##..####..#..
#########..............
##....)........#.###. #
#..#####.#..##.### #..#
#####...#.#
##.##P###...##..
#.......##...#.##
#...###.##.....#


You could see a cane toad (petrifying).

Vanquished Creatures
  A hydra (Lair:1)
  A komodo dragon (Lair:1)
  A hornet (D:8)
  6 yaks (Lair:1)
  Sigmund (D:5)
  An acid dragon (D:7)
  A phantom (D:7)
  An ogre (D:4)
  A centaur (D:2)
  A big kobold (D:8)
  4 bullfrogs
  An elf zombie (D:6)
  3 elf skeletons (D:6)
  6 scorpions (Ossuary)
  3 wights (D:8)
  A centaur zombie (Ossuary)
  3 human zombies
  2 hounds (D:7)
  An orc priest (D:5)
  A gnoll shaman (D:4)
  3 iguanas
  Crazy Yiuf (D:3)
  A jelly (D:6)
  A bullfrog skeleton (D:5)
  7 worker ants
  10 orc wizards
  2 big kobold zombies (Ossuary)
  3 mummies (Ossuary)
  Robin (D:3)
  6 adders
  15 gnolls
  A howler monkey skeleton (D:6)
  6 scorpion zombies (Ossuary)
  2 shadow imps (D:7)
  An ufetubus (D:6)
  An ooze (D:4)
  An adder zombie (D:3)
  2 worms
  4 dart slugs
  2 leopard geckos
  35 orcs
  2 bat zombies (D:1)
  5 giant cockroaches
  14 goblins
  8 hobgoblins
  8 jackals
  8 kobolds
  2 quokkas (D:6)
  7 bats
  4 frilled lizards
  A goblin zombie (Ossuary)
  A hobgoblin zombie (Ossuary)
  A kobold zombie (Ossuary)
  An orc skeleton (D:6)
  3 orc zombies (Ossuary)
  10 rats
220 creatures vanquished.

Vanquished Creatures (others)
  8 fungi
  15 plants
23 creatures vanquished.

Grand Total: 243 creatures vanquished

Notes
Turn   | Place    | Note
-------+----------+-------------------------------------------
     0 | Abyss:1  | Gargoyl the Gnoll Abyssal Knight began the quest for the
                  | Orb.
     0 | Abyss:1  | Reached XP level 1. HP: 23/23 MP: 3/3
    63 | Abyss:1  | Noticed a large abomination
    85 | Abyss:1  | Noticed a small abomination
    87 | D:1      | Escaped the Abyss
   208 | D:1      | Reached XP level 2. HP: 29/29 MP: 5/5
   262 | D:1      | Reached * piety under Lugonu
   514 | D:1      | Reached XP level 3. HP: 29/35 MP: 6/6
  1272 | D:2      | Noticed a centaur
  1292 | D:2      | Killed a centaur
  1293 | D:2      | Reached skill level 1 in Short Blades
  1293 | D:2      | Reached skill level 1 in Long Blades
  1293 | D:2      | Reached skill level 1 in Maces & Flails
  1293 | D:2      | Reached skill level 1 in Polearms
  1293 | D:2      | Reached skill level 1 in Staves
  1293 | D:2      | Reached skill level 1 in Slings
  1293 | D:2      | Reached skill level 1 in Bows
  1293 | D:2      | Reached skill level 1 in Crossbows
  1293 | D:2      | Reached skill level 1 in Throwing
  1293 | D:2      | Reached skill level 1 in Stealth
  1293 | D:2      | Reached skill level 1 in Shields
  1293 | D:2      | Reached skill level 1 in Unarmed Combat
  1293 | D:2      | Reached skill level 1 in Spellcasting
  1293 | D:2      | Reached skill level 1 in Conjurations
  1293 | D:2      | Reached skill level 1 in Hexes
  1293 | D:2      | Reached skill level 1 in Summonings
  1293 | D:2      | Reached skill level 1 in Necromancy
  1293 | D:2      | Reached skill level 1 in Translocations
  1293 | D:2      | Reached skill level 1 in Transmutations
  1293 | D:2      | Reached skill level 1 in Fire Magic
  1293 | D:2      | Reached skill level 1 in Ice Magic
  1293 | D:2      | Reached skill level 1 in Air Magic
  1293 | D:2      | Reached skill level 1 in Earth Magic
  1293 | D:2      | Reached skill level 1 in Poison Magic
  1293 | D:2      | Reached skill level 1 in Evocations
  1293 | D:2      | Reached XP level 4. HP: 3/41 MP: 7/7
  1293 | D:2      | Reached XP level 5. HP: 4/47 MP: 8/8
  1610 | D:2      | Found a transporter.
  1812 | D:2      | Reached ** piety under Lugonu
  1912 | D:2      | Found a broken altar of Ashenzari.
  1920 | D:2      | Found a transporter.
  2148 | D:2      | Found a sacrificial altar of Ru.
  2411 | D:3      | Noticed Robin
  2534 | D:3      | Killed Robin
  2576 | D:3      | HP: 2/47 [orc/cursed -1 hand axe (2)]
  2907 | D:3      | Reached skill level 5 in Invocations
  2907 | D:3      | Reached XP level 6. HP: 52/53 MP: 9/9
  3209 | D:3      | Found a runed translucent door.
  3210 | D:3      | Noticed Crazy Yiuf
  3768 | D:3      | Killed Crazy Yiuf
  3769 | D:3      | Reached skill level 5 in Axes
  3769 | D:3      | Reached skill level 5 in Armour
  4215 | D:3      | Reached XP level 7. HP: 42/59 MP: 10/10
  4408 | D:4      | Reached *** piety under Lugonu
  4415 | D:4      | Reached skill level 7 in Fighting
  4880 | D:4      | Found a basalt altar of Yredelemnul.
  4902 | D:4      | Reached XP level 8. HP: 50/67 MP: 12/12
  5178 | D:5      | Entered Level 5 of the Dungeon
  5544 | D:5      | Noticed Sigmund
  5562 | D:5      | Killed Sigmund
  6111 | D:6      | Found a staircase to the Ecumenical Temple.
  6127 | D:6      | Reached **** piety under Lugonu
  6230 | D:6      | Found a sand-covered staircase.
  6239 | Ossuary  | Entered an ossuary
  6417 | Ossuary  | Reached XP level 9. HP: 70/72 MP: 14/14
  6704 | Ossuary  | Reached ***** piety under Lugonu
  7063 | D:6      | Found a snail-covered altar of Cheibriados.
  7088 | D:6      | Reached skill level 5 in Dodging
  7098 | D:6      | Gained mutation: You have a somewhat thin skeletal
                  | structure. (Dex +2, Stealth) [potion of mutation]
  7098 | D:6      | Gained mutation: You occasionally shout uncontrollably at
                  | your foes. [potion of mutation]
  7098 | D:6      | Lost mutation: You occasionally shout uncontrollably at
                  | your foes. [potion of mutation]
  7098 | D:6      | Gained mutation: You are partially covered in icy blue
                  | scales. (AC +2) [potion of mutation]
  7900 | D:7      | Reached skill level 8 in Fighting
  8215 | D:7      | Found a broken altar of Ashenzari.
  8561 | D:8      | Noticed a hornet
  8569 | D:8      | Killed a hornet
  8778 | D:8      | Found an ancient bone altar of Kikubaaqudgha.
  8862 | D:8      | Found a staircase to the Lair.
  9016 | Lair:1   | Entered Level 1 of the Lair of Beasts
  9021 | Lair:1   | Noticed a komodo dragon
  9039 | Lair:1   | Killed a komodo dragon
  9040 | Lair:1   | Reached XP level 10. HP: 39/80 MP: 17/17
  9268 | Lair:1   | Noticed a six-headed hydra
  9275 | Lair:1   | Killed a six-headed hydra
  9276 | Lair:1   | Reached skill level 5 in Short Blades
  9276 | Lair:1   | Reached skill level 5 in Long Blades
  9276 | Lair:1   | Reached skill level 5 in Maces & Flails
  9276 | Lair:1   | Reached skill level 5 in Polearms
  9276 | Lair:1   | Reached skill level 5 in Staves
  9276 | Lair:1   | Reached skill level 5 in Slings
  9276 | Lair:1   | Reached skill level 5 in Bows
  9276 | Lair:1   | Reached skill level 5 in Crossbows
  9276 | Lair:1   | Reached skill level 5 in Throwing
  9276 | Lair:1   | Reached skill level 5 in Stealth
  9276 | Lair:1   | Reached skill level 5 in Shields
  9276 | Lair:1   | Reached skill level 5 in Unarmed Combat
  9276 | Lair:1   | Reached skill level 5 in Spellcasting
  9276 | Lair:1   | Reached skill level 5 in Evocations
  9531 | Lair:1   | Noticed a cane toad
  9574 | Lair:1   | HP: 3/82 [cane toad (9)]
  9575 | Lair:1   | Slain by a cane toad

Illustrated notes

Levels and vault maps discovered:
D:1:      saegor_arrival_fortress, layout_basic
D:2:      layout_loops_ring, gammafunk_temple_overflow_arena, serial_forest,
          infiniplex_forest_clump_small, infiniplex_forest_clump_double,
          infiniplex_forest_end_1, infiniplex_forest_clump_small,
          infiniplex_forest_side_room, infiniplex_forest_clump_C,
          nicolae_ru_the_path_less_chosen
D:3:      layout_basic, chequers_big_river, uniq_robin, uniq_crazy_yiuf_cottage
D:4:      cheibrodos_barr_body, layout_cave_pools,
          nicolae_overflow_crystal_walls
D:5:      layout_loops_ring, uniq_sigmund
D:6:      layout_rooms, kennysheep_slug_shrine, minmay_temple_entry_mini_moons,
          nicolae_ossuary_entry_catacombs
D:7:      layout_basic, serial_curves, eino_curves_03, eino_curves_04,
          eino_curves_02, eino_curves_01, ashenzari_altar_1
D:8:      layout_rooms, kiku_gazebo_pond_becter, lair_entry_dummy
Lair:1:   layout_loops_ring

Skill      XL: |  1  2  3  4  5  6  7  8  9 10 |
---------------+-------------------------------+-----
Short Blades   | 1 2 3 4 5 |  5.3
Long Blades    | 1 2 3 4 5 |  5.3
Maces & Flails | 1 2 3 4 5 |  5.3
Polearms       | 1 2 3 4 5 |  5.3
Staves         | 1 2 3 4 5 |  5.3
Slings         | 1 2 3 4 5 |  5.3
Bows           | 1 2 3 4 5 |  5.3
Crossbows      | 1 2 3 4 5 |  5.3
Throwing       | 1 2 3 4 5 |  5.3
Stealth        | 1 2 3 4 5 |  5.3
Shields        | 1 2 3 4 5 |  5.3
Unarmed Combat | 1 2 3 4 5 |  5.3
Spellcasting   | 1 2 3 4 5 |  5.3
Conjurations   | 1 2 3 4 |  4.4
Hexes          | 1 2 3 4 |  4.4
Summonings     | 1 2 3 4 |  4.4
Necromancy     | 1 2 3 4 |  4.4
Translocations | 1 2 3 4 |  4.4
Transmutations | 1 2 3 4 |  4.4
Fire Magic     | 1 2 3 4 |  4.4
Ice Magic      | 1 2 3 4 |  4.4
Air Magic      | 1 2 3 4 |  4.4
Earth Magic    | 1 2 3 4 |  4.4
Poison Magic   | 1 2 3 4 |  4.4
Evocations     | 1 2 3 4 5 |  5.3
Dodging        | 3 4 5 6 |  6.0
Invocations    | 5 6 7 |  7.5
Axes           | 5 6 7 |  7.1
Armour         | 5 6 7 |  7.1
Fighting       | 7 8 |  8.5

Action                   |  1- 3 |  4- 6 |  7- 9 | 10-12 || total
-------------------------+-------+-------+-------+-------++-------
Melee: Hand axe          |   110 |   161 |       |       ||   271
       Bite              |     9 |    24 |    51 |    14 ||    98
       Quarterstaff      |       |    36 |   382 |    49 ||   467
Throw: Dart              |       |       |     6 |       ||     6
Invok: Depart the Abyss  |     1 |       |       |       ||     1
  Use: Scroll            |     5 |     4 |    18 |       ||    27
       Potion            |     2 |       |     3 |       ||     5
 Stab: Invisible         |       |     1 |       |       ||     1
       Petrified         |       |       |     8 |       ||     8
       Petrifying        |       |       |     1 |     1 ||     2
       Paralysed         |       |       |     4 |       ||     4
Armor: Plate armour      |    81 |   157 |   293 |    27 ||   558
       Ring mail         |     4 |       |       |       ||     4
Dodge: Dodged            |    39 |    69 |   145 |    11 ||   264
Block: Other             |       |    13 |    73 |    13 ||    99
       Reflection        |       |       |     2 |       ||     2

Table legend: (Time is in decaauts)
 A = Elapsed time spent in this place.
 B = Non-inter-level travel time spent in this place.
 C = Inter-level travel time spent in this place.
 D = Time resting spent in this place.
 E = Time spent auto-exploring this place.
 F = Levels seen in this place.
 G = Mean time per level.
                   A        B        C        D        E       F      G
               +--------+--------+--------+--------+--------+-----+--------+
         Total |   9644 |   9378 |    266 |   1113 |   6288 |  11 |  876.7 |
       Dungeon |   8313 |   8047 |    266 |    902 |   5534 |   8 | 1039.1 |
          Lair |    561 |    561 |      0 |      0 |    484 |   1 |  561.0 |
         Abyss |     87 |     87 |      0 |      0 |     45 |   1 |   87.0 |
       Ossuary |    683 |    683 |      0 |    211 |    225 |   1 |  683.0 |
               +--------+--------+--------+--------+--------+-----+--------+

Top non-repeatable levels by time:
     D:3: 1754 daAuts
     D:2: 1409 daAuts
     D:7: 1089 daAuts
     D:1: 1087 daAuts
     D:5: 929 daAuts
     D:4: 872 daAuts
 Ossuary: 683 daAuts
     D:6: 654 daAuts
  Lair:1: 561 daAuts
     D:8: 515 daAuts
 Abyss:1: 87 daAuts
